 Dungeon Crawl Stone Soup version 0.22-a0-617-g6d95e9e505 (webtiles) character file.

8328 Jannitor the Covert (level 11, 0/72 HPs)
             Began as an Octopode Chaos Knight on July 11, 2018.
             Engulfed by a cloud of flame (8 damage)
             ... in a bailey on July 12, 2018.
             The game lasted 00:23:22 (13470 turns).

Jannitor the Covert (Octopode Chaos Knight)        Turns: 13470, Time: 00:23:22

Health: 0/72       AC:  1    Str:  9    XL:     11   Next: 29%
Magic:  11/11      EV: 22    Int: 10    God:    Xom [....*.]
Gold:   409        SH:  6    Dex: 14    Spells: 10/10 levels left

rFire    + . .     SeeInvis +   a - +0 spear (chaos)
rCold    + + +     Gourm    .   t - +1 buckler
rNeg     . . .     Faith    .   (helmet restricted)
rPois    +         Spirit   .   (no amulet)
rElec    +         Reflect  .   o - ring of protection from fire
rCorr    .         Harm     .   p - +2 ring of evasion
MR       +....                  u - ring "Vusyg" {rC+++ MR+ Str-4 SInv Stlth-}
Stlth    ++++......             A - +2 ring of evasion
HPRegen  0.22/turn              (no ring)
MPRegen  0.12/turn              (no ring)
                                (no ring)
                                (no ring)

@: about to teleport, hasted, very quick
A: almost no armour, stealthy swim, amphibious, 8 rings, constrict 8, antennae
1, fangs 1, camouflage 1, see invisible, dopey 2, frail 1, mutation resistance
1, poison resistance, screaming 1, electricity resistance, gelatinous body 1, no
potion heal 1
a: Renounce Religion


You were in a bailey.
You worshipped Xom.
You were a beloved toy of Xom.
You were not hungry.

You visited 1 branch of the dungeon, and saw 9 of its levels.
You also visited: Sewer and Bailey.

You collected 465 gold pieces.
You spent 56 gold pieces at shops.

Inventory:

Hand Weapons
 a - a +0 spear of chaos (weapon)
 h - a cursed -1 trident
 l - a +0 trident
 m - a +0 blowgun
Missiles
 f - 162 stones (quivered)
 n - 5 curare-tipped needles
 r - 30 poisoned needles
 E - 7 javelins of penetration
Armour
 t - a +1 buckler (worn)
Jewellery
 o - a ring of protection from fire (left tentacle)
 p - a +2 ring of evasion (right tentacle)
 u - the ring "Vusyg" (on tentacle) {rC+++ MR+ Str-4 SInv Stlth-}
   (You found it on level 4 of the Dungeon)

   [ring of loudness]

   It affects your strength (-4).
   It renders you almost immune to cold.
   It affects your resistance to hostile enchantments.
   It lets you see invisible.
   It makes you less stealthy.
 A - a +2 ring of evasion (on tentacle)
Wands
 c - a wand of flame (30)
 F - a wand of digging (12)
Scrolls
 d - 3 scrolls of remove curse
 g - 4 scrolls of identify
 k - a scroll of enchant armour
 q - 6 scrolls of fear
 v - 2 scrolls of fog
 x - 3 scrolls of teleportation
 z - a scroll of amnesia
Potions
 e - a potion of brilliance
 i - 5 potions of flight
 j - 2 potions of degeneration
 w - 2 potions of magic
 H - a potion of haste
Comestibles
 b - 11 rations


   Skills:
 + Level 9.0 Fighting
 + Level 9.0 Polearms
 + Level 8.8 Dodging
 - Level 9.5 Stealth
 - Level 6.1 Shields


You had 10 spell levels left.
You didn't know any spells.
Your spell library was empty.

Dungeon Overview and Level Annotations

Branches:
Dungeon (9/15)             Temple (0/1) D:7
   Lair: D:8-11         Orc: D:9-12

Altars:
Ashenzari
Okawaru
Xom

Shops:
D:4 *   D:6 =


Innate Abilities, Weirdness & Mutations

You cannot wear most types of armour.
You are very stealthy in the water. (Stealth+)
You are amphibious.
You can wear up to eight rings at the same time.
You can use your tentacles to constrict eight enemies at once.
Your skin changes colour to match your surroundings (Stealth+).
Your rubbery body absorbs attacks. (AC +1, EV +1)
You have a pair of small antennae on your head.
You have very sharp teeth.
You have supernaturally acute eyesight. (SInv)
You are very dopey. (Int -4)
You are frail. (-10% HP)
You are somewhat resistant to further mutation.
Your system is resistant to poisons. (rPois)
You occasionally shout uncontrollably at your foes.
You are resistant to electric shocks. (rElec)
Potions are less effective at restoring your health.


Message History

You squeeze the fire crab, but do no damage.
The fire crab is almost dead.
You constrict the fire crab. The fire crab breathes flames at you.
The blast of flame engulfs you! You resist.
* * * LOW HITPOINT WARNING * * *
You hit the fire crab but do no damage.
The fire crab looks as sick as possible!
You bite the fire crab, but do no damage.
The fire crab is almost dead.
You are engulfed in blazing flames.
You resist.
* * * LOW HITPOINT WARNING * * *
You constrict the fire crab, but do no damage.
The boggart changes into an iguana!
You kill the fire crab!
The orc knight returns to its original shape as it dies.
Your Fighting skill increases to level 9!
Your Polearms skill increases to level 9!
You are engulfed in blazing flames.
You resist.
You die...

##..≈≈≈≈≈≈≈_.##
##..≈≈.....≈≈..#
##########..≈≈..###..≈≈__
#..........≈≈..## ##))≈≈.
#.≈≈≈≈≈≈≈≈≈≈..##.∩.##).≈≈
#.≈[.........##.....##.).
#.≈.#############+###'###
#.≈.##.§§§§##.........##.
#.≈.)##§@§§#§.≈§≈§≈≈≈..##
#.≈≈..##§##l.≈≈o...)§≈..#
##.≈≈..#+#..≈≈o.⌠∩⌠..≈≈..
#∩.≈≈..#+#..≈≈o..⌠...§≈..
#.≈≈..##.##..≈≈.....§§..#
#.≈..##.$.##..≈≈≈≈≈§§..##
#.≈.##.$$$.##........§#'.
#.≈.#############'#######
#.≈..##### #.....##...


You could see 2 orc knights and an iguana shaped shifter.

Vanquished Creatures
  A two-headed ogre (D:8)
  A fire crab (shapeshifter) (Bailey)
  Pikel (D:7)
  2 orc knights (Bailey)
  A manticore (D:7)
  A rime drake (D:6)
  A yaktaur (shapeshifter) (Bailey)
  A jumping spider (shapeshifter) (D:8)
  A hornet (D:7)
  A hippogriff (D:7)
  A spriggan (D:7)
  A steam dragon (D:9)
  Duvessa (D:5)
  2 water moccasins
  A porcupine (D:5)
  Purgy (Sewer)
  A black bear (D:7)
  3 sky beasts
  An eye of draining (D:7)
  3 orc warriors
  3 slaves (D:7)
  A phantom (D:8)
  3 ogres
  A necrophage (D:6)
  4 centaurs
  A big kobold (D:8)
  6 bullfrogs
  Dowan (D:5)
  A wyvern skeleton (D:7)
  3 scorpions
  A killer bee (D:7)
  A howler monkey (D:4)
  4 crimson imps
  2 centaur zombies
  A bullfrog zombie (D:5)
  A jelly (D:8)
  A quasit (D:6)
  2 hounds
  5 orc priests
  2 bullfrog skeletons
  A centaur skeleton (D:4)
  2 iguanas (D:7)
  3 orc wizards
  A worker ant (D:6)
  A killer bee zombie (D:8)
  2 hound skeletons
  9 adders
  4 gnolls (D:8)
  A shadow imp (D:7)
  2 oozes
  2 dart slugs
  12 leopard geckos
  32 orcs
  4 bats
  5 giant cockroaches
  14 goblins
  11 hobgoblins
  5 jackals (D:4)
  A quokka (D:7)
  5 ball pythons
  10 frilled lizards
  12 kobolds
  2 quokka skeletons
  8 rats
219 creatures vanquished.

Vanquished Creatures (collateral kills)
  A slave (D:7)
1 creature vanquished.

Vanquished Creatures (others)
  A kobold demonologist (D:9)
  A hippogriff (D:9)
  A wyvern (D:9)
  A centaur (D:8)
  3 fire vortices (Bailey)
7 creatures vanquished.

Grand Total: 227 creatures vanquished

Notes
Turn   | Place    | Note
-------+----------+-------------------------------------------
     0 | D:1      | Jannitor the Octopode Chaos Knight began the quest for the Orb.
     0 | D:1      | Reached XP level 1. HP: 16/16 MP: 1/1
    38 | D:1      | XOM: divination: magic mapping
   228 | D:1      | Reached skill level 1 in Stealth
   228 | D:1      | Reached XP level 2. HP: 21/21 MP: 2/2
   513 | D:1      | XOM: give mutations
   513 | D:1      | Gained mutation: You are frail. (-10% HP) [Xom's mischief]
   513 | D:1      | Gained mutation: You occasionally shout uncontrollably at your foes. [Xom's mischief]
   557 | D:1      | XOM: 3-stop teleportation journey
   832 | D:1      | Reached XP level 3. HP: 19/23 MP: 3/3
   923 | D:1      | XOM: mild Erth miscast
   984 | D:1      | XOM: give mutations
   984 | D:1      | Gained mutation: You are dopey. (Int -2) [Xom's mischief]
   984 | D:1      | Gained mutation: You are very dopey. (Int -4) [Xom's mischief]
   984 | D:1      | Gained mutation: You are somewhat resistant to further mutation. [Xom's mischief]
   984 | D:1      | Lost mutation: You are frail. (-10% HP) [Xom's mischief]
  1091 | D:1      | XOM: severe Hex miscast
  1752 | D:2      | Reached XP level 4. HP: 25/31 MP: 4/4
  1775 | D:2      | Found an iron altar of Okawaru.
  2341 | D:2      | XOM: harmless Ice miscast
  2544 | D:2      | XOM: harmless Pois miscast
  2560 | D:2      | XOM: cloud trail
  2801 | D:3      | XOM: noise
  2848 | D:3      | Reached XP level 5. HP: 34/37 MP: 5/5
  3868 | D:4      | Reached XP level 6. HP: 30/43 MP: 6/6
  4351 | D:4      | XOM: give mutations
  4351 | D:4      | Gained mutation: You have very sharp teeth. [Xom's mischief]
  4351 | D:4      | Gained mutation: You are clumsy. (Dex -2) [Xom's mischief]
  4351 | D:4      | Lost mutation: You are clumsy. (Dex -2) [Xom's mischief]
  4351 | D:4      | Gained mutation: Potions are less effective at restoring your health. [Xom's mischief]
  4478 | D:4      | Got a smoking ivory ring
  4479 | D:4      | Identified the ring "Vusyg" {rC+++ MR+ Str-4 SInv Stlth-} (You found it on level 4 of the Dungeon)
  4558 | D:4      | Found Paafol's General Store.
  4563 | D:4      | Bought a potion of might for 56 gold pieces
  4686 | D:5      | Entered Level 5 of the Dungeon
  4702 | D:5      | Noticed a sky beast
  4727 | D:5      | XOM: cast spell 'Ring of Flames'
  4728 | D:5      | Killed a sky beast
  4735 | D:5      | Reached skill level 1 in Shields
  4757 | D:5      | XOM: divination: magic mapping
  4763 | D:5      | Reached XP level 7. HP: 20/49 MP: 7/7
  4765 | D:5      | XOM: summons 3 hostile demons
  5048 | D:5      | Noticed Dowan
  5053 | D:5      | Noticed Duvessa
  5064 | D:5      | XOM: silly message
  5065 | D:5      | XOM: potion effect (brilliance)
  5093 | D:5      | Killed Duvessa
  5093 | D:5      | Reached skill level 5 in Stealth
  5095 | D:5      | Killed Dowan
  5273 | D:5      | Found a glowing drain.
  5297 | Sewer    | Entered a sewer
  5409 | Sewer    | XOM: harmless Pois miscast
  5427 | Sewer    | Noticed Purgy
  5448 | Sewer    | Killed Purgy
  5448 | Sewer    | Reached skill level 5 in Fighting
  5448 | Sewer    | Reached skill level 5 in Polearms
  5631 | D:5      | Reached XP level 8. HP: 53/55 MP: 8/8
  5935 | D:6      | XOM: enchant monster (bad)
  5982 | D:5      | Reached skill level 5 in Dodging
  6053 | D:5      | XOM: medium Erth miscast
  6119 | D:5      | XOM: harmless Tloc miscast
  6165 | D:5      | XOM: give mutations
  6165 | D:5      | Gained mutation: You have a pair of small antennae on your head. [Xom's grace]
  6165 | D:5      | Gained mutation: Your system is resistant to poisons. (rPois) [Xom's grace]
  6165 | D:5      | Gained mutation: You have supernaturally acute eyesight. (SInv) [Xom's grace]
  6181 | D:6      | XOM: confuse monster(s)
  6347 | D:6      | XOM: scenery: create altars
  6510 | D:6      | Noticed a rime drake
  6510 | D:6      | a water moccasin changed into a rime drake
  6510 | D:6      | XOM: polymorph water moccasin -> rime drake
  6514 | D:6      | Killed a rime drake
  6514 | D:6      | Reached XP level 9. HP: 54/62 MP: 9/9
  6664 | D:6      | Found Qanoic's Jewellery Emporium.
  6844 | D:7      | XOM: potion effect (agility)
  6853 | D:6      | XOM: harmless Ice miscast
  6926 | D:7      | XOM: butterfly on damage
  6929 | D:7      | XOM: summons 2 hostile shadow creatures
  6953 | D:7      | XOM: mild Chrm miscast
  7173 | D:7      | XOM: swap monsters
  7253 | D:6      | XOM: summons 4 hostile demons
  7254 | D:6      | Noticed a red devil
  7464 | D:7      | Found a staircase to the Ecumenical Temple.
  7525 | D:7      | Noticed a manticore
  7528 | D:7      | XOM: scenery: create altars
  7532 | D:7      | XOM: enchant monster (bad)
  7534 | D:7      | Killed a manticore
  7541 | D:7      | XOM: give mutations
  7541 | D:7      | Gained mutation: You are frail. (-10% HP) [Xom's mischief]
  7668 | D:7      | Reached skill level 5 in Shields
  7837 | D:7      | XOM: medium Pois miscast
  7851 | D:7      | XOM: summons 4 hostile shadow creatures
  7858 | D:7      | XOM: confuse monster(s)
  7897 | D:7      | XOM: enchant monster (bad)
  7906 | D:8      | Noticed a two-headed ogre
  7909 | D:7      | XOM: repel stairs
  7980 | D:7      | XOM: harmless Summ miscast
  8057 | D:7      | XOM: cloud trail
  8147 | D:7      | XOM: god gift: 42 gold pieces
  8162 | D:7      | Reached XP level 10. HP: 26/63 MP: 10/10
  8193 | D:7      | XOM: god gift: 7 javelins of penetration
  8324 | D:7      | XOM: divination: detect creatures
  8368 | D:7      | XOM: potion effect (haste)
  8617 | D:7      | Noticed Pikel
  8667 | D:7      | Upgraded the game from 0.22-a0-611-g46e8f3c735 to 0.22-a0-617-g6d95e9e505
  8694 | D:7      | XOM: medium Ice miscast
  8706 | D:7      | XOM: summons 4 friendly demons
  8707 | D:7      | XOM: scenery: create altars
  8928 | D:7      | XOM: polymorph orc priest -> killer bee
  9028 | D:7      | XOM: enchant monster (good)
  9032 | D:7      | Killed Pikel
  9267 | D:7      | XOM: fog
  9286 | D:7      | XOM: scenery: create altars
  9472 | D:8      | XOM: potion effect (agility)
  9514 | D:8      | XOM: cleaving
  9519 | D:8      | XOM: enchant monster (good)
  9985 | D:8      | XOM: god gift: 14 stones
 10000 | D:8      | XOM: divination: detect creatures
 10095 | D:8      | Found a shattered altar of Ashenzari.
 10104 | D:8      | XOM: scenery: create altars
 10114 | D:8      | XOM: destruction
 10124 | D:8      | Killed a two-headed ogre
 10138 | D:8      | XOM: 3-stop teleportation journey
 10601 | D:8      | XOM: cloud trail
 10660 | D:9      | Noticed a kobold demonologist
 10665 | D:9      | XOM: blink monster(s)
 10671 | D:9      | XOM: cast spell 'Summon Hydra'
 10678 | D:9      | Noticed a sixfirhy
 10682 | D:9      | XOM: destruction
 10769 | D:9      | Banished a kobold demonologist
 10816 | D:9      | Found a flagged portal.
 10817 | D:9      | XOM: 1-stop teleportation journey
 10839 | D:9      | XOM: divination: detect items
 10893 | D:9      | Reached XP level 11. HP: 42/70 MP: 11/11
 10981 | Bailey   | Entered a bailey
 11003 | Bailey   | XOM: 10-stop teleportation journey
 11251 | Bailey   | XOM: noise
 11413 | Bailey   | XOM: butterfly on damage
 11627 | Bailey   | Noticed an orc knight
 11627 | Bailey   | Noticed an orc knight
 11627 | Bailey   | Noticed an orc knight
 11628 | Bailey   | Noticed an orc knight
 11648 | Bailey   | Killed an orc knight
 11688 | Bailey   | Killed an orc knight
 11964 | Bailey   | Noticed a two-headed ogre
 11964 | Bailey   | an orc knight changed into a two-headed ogre
 11975 | Bailey   | XOM: butterfly on damage
 12096 | Bailey   | XOM: harmless Summ miscast
 12305 | Bailey   | XOM: smoke on damage
 12823 | Bailey   | XOM: give mutation
 12823 | Bailey   | Gained mutation: You are resistant to electric shocks. (rElec) [Xom's grace]
 12950 | Bailey   | XOM: scenery: create altars
 13175 | Bailey   | XOM: divination: detect items
 13234 | Bailey   | XOM: butterfly on damage
 13422 | Bailey   | Noticed an orc knight
 13425 | Bailey   | Noticed a glowing shapeshifter
 13425 | Bailey   | a two-headed ogre changed into a glowing shapeshifter
 13425 | Bailey   | XOM: polymorph two-headed ogre -> glowing shapeshifter
 13427 | Bailey   | a glowing shapeshifter changed into a dream sheep
 13443 | Bailey   | Noticed a fire crab
 13443 | Bailey   | a redback changed into a fire crab
 13448 | Bailey   | a fire crab changed into a tarantella
 13448 | Bailey   | XOM: polymorph fire crab -> tarantella
 13458 | Bailey   | an orc knight changed into a shapeshifter
 13461 | Bailey   | Noticed a fire crab
 13461 | Bailey   | a shapeshifter changed into a fire crab
 13469 | Bailey   | Killed a fire crab
 13470 | Bailey   | Engulfed by a cloud of flame

Vault maps used:
D:1:      giann_bridges, nrook_mini_vaults
D:2:      kennysheep_okawaru_gauntlet, first_ration, corexii_hall_statues_u
D:3:      minmay_wonky_spiral
D:4:      serial_shops, shop
D:5:      portal_sewer_entry_f, uniq_duvessa
D:6:      serial_shops, shop_statue
D:7:      minmay_temple_entry_hall, serial_glass, glass_columns_b,
          glass_columns_a, the_bakery, uniq_pikel
D:8:      basic_altar
D:9:      erik_lair_island, orc_0_dummy, enter_bailey_3
Sewer:    sewer_co_purgy_island
Bailey:   bailey_polearm_1, bailey

Skill      XL: |  1  2  3  4  5  6  7  8  9 10 11 |
---------------+----------------------------------+-----
Stealth        | 1 2 3 4 5 7 8 9 |  9.5
Dodging        | 3 4 5 6 8 |  8.8
Fighting       | 4 5 6 7 8 9 |  9.0
Polearms       | 4 5 6 8 9 |  9.0
Shields        | 1 2 3 5 6 |  6.1

Action                   |  1- 3 |  4- 6 |  7- 9 | 10-12 || total
-------------------------+-------+-------+-------+-------++-------
Melee: Spear             |    84 |   136 |   361 |   514 ||  1095
       Constrict         |    13 |    26 |    56 |    43 ||   138
       Tentacles         |    12 |    20 |    67 |    73 ||   172
       Bite              |       |     3 |    36 |    48 ||    87
 Fire: Blowgun           |       |       |     5 |       ||     5
Evoke: Wand              |       |       |     6 |    28 ||    34
  Use: Scroll            |     3 |       |     7 |     6 ||    16
       Potion            |       |     2 |     8 |    11 ||    21
 Stab: Sleeping          |     8 |    10 |     6 |     2 ||    26
       Paralysed         |       |     1 |     2 |    13 ||    16
       Confused          |       |       |     4 |     4 ||     8
       Petrifying        |       |       |     3 |     7 ||    10
       Distracted        |       |       |     2 |     5 ||     7
       Petrified         |       |       |     1 |    32 ||    33
  Eat: Chunk             |     3 |     9 |     7 |     9 ||    28
       Ration            |       |       |     1 |     3 ||     4
Armor: Skin              |     4 |     2 |     8 |     4 ||    18
Dodge: Dodged            |    31 |    53 |   248 |   234 ||   566
Block: Buckler           |       |     1 |    77 |    78 ||   156

Table legend:
 A = Spawn XP
 B = Non-spawn XP
 C = Spawn XP percentage of total XP
 D = Spawn monster count
 E = Non-spawn monster count
 F = Spawn count percentage of total count
 G = Total turns spent on level
                    A         B        C        D         E        F      G
               +---------+---------+-------+---------+---------+-------+---------
         Total |       0 |   11898 |   0.0 |       0 |     220 |   0.0 | 13470
               +---------+---------+-------+---------+---------+-------+---------
           D:1 |       0 |      46 |   0.0 |       0 |      27 |   0.0 |  1167
           D:2 |       0 |      70 |   0.0 |       0 |      23 |   0.0 |  1400
           D:3 |       0 |      85 |   0.0 |       0 |      12 |   0.0 |   897
           D:4 |       0 |     188 |   0.0 |       0 |      15 |   0.0 |  1413
           D:5 |       0 |     826 |   0.0 |       0 |      18 |   0.0 |   926
           D:6 |       0 |    1292 |   0.0 |       0 |      31 |   0.0 |  1128
           D:7 |       0 |    3609 |   0.0 |       0 |      31 |   0.0 |  2499
           D:8 |       0 |    2283 |   0.0 |       0 |      30 |   0.0 |  1031
           D:9 |       0 |     833 |   0.0 |       0 |      10 |   0.0 |   254
         Sewer |       0 |     143 |   0.0 |       0 |       9 |   0.0 |   266
        Bailey |       0 |    2523 |   0.0 |       0 |      14 |   0.0 |  2489
               +---------+---------+-------+---------+---------+-------+---------
